 Dungeon Crawl Stone Soup version 0.31.0-9-g3a7656b989 (webtiles) character file.

Game seed: 11450593051273372436

52 qw the Shooter (level 3, -1/18 HPs)
             Began as a Spriggan Hunter on Feb 2, 2024.
             Frozen to death by an endoplasm (4 damage)
             ... on level 2 of the Dungeon.
             The game lasted 00:00:03 (843 turns).

qw the Shooter (Spriggan Hunter)                     Turns: 843, Time: 00:00:04

Health: -1/18      AC:  2    Str:  7    XL:     3   Next: 60%
Magic:  4/4        EV: 19    Int: 10    God:
Gold:   50         SH:  0    Dex: 20    Spells: 2/2 levels left

rFire   . . .        a - +0 shortbow
rCold   . . .        (shield currently unavailable)
rNeg    . . .        c - +0 robe
rPois   .            (helmet restricted)
rElec   .            (no cloak)
rCorr   .            (gloves unavailable)
SInv    +            (boots unavailable)
Will    .....        (no amulet)
Stlth   ++           (no ring)
HPRegen 0.23/turn    (no ring)
MPRegen 0.09/turn

%: no passive effects
@: very quick
A: very small, no large weapons, unfitting armour, see invisible, speed 3
a: no special abilities


You were on level 2 of the Dungeon.
You visited 1 branch of the dungeon, and saw 2 of its levels.

You collected 50 gold pieces.


Innate Abilities, Weirdness & Mutations

You are very small and have problems with some larger weapons.
You are too small for most types of armour.
You have supernaturally acute eyesight. (SInv)
You cover ground extremely quickly. (Speed+++)


   Skills:
 - Level 1.5 Fighting
 + Level 4.8 Ranged Weapons
 - Level 4.0 Dodging
 - Level 1.5 Stealth


You had 2 spell levels left.
You didn't know any spells.
Your spell library was empty.

Inventory:

Hand Weapons
 a - a +0 shortbow (weapon)
Armour
 c - a +0 robe (worn)
Potions
 d - a potion of curing {unknown}

Dungeon Overview and Level Annotations

Branches:
Dungeon (2/15)

Altars:


Message History

The goblin shouts!
You shoot an arrow. The arrow hits the ball python.
The ball python is moderately wounded.
An endoplasm comes into view.
You shoot an arrow.
The arrow closely misses the ball python.
The endoplasm quivers.
You shoot an arrow. The arrow hits the ball python.
The ball python is severely wounded.
A hobgoblin comes into view.
The ball python bites you. The ball python grabs you.
The ball python constricts you.
You shoot an arrow.
The arrow barely misses the ball python.
The hobgoblin shouts!
The ball python closely misses you. The ball python constricts you.
You shoot an arrow. The arrow hits the ball python!
You kill the ball python!
The kobold closely misses you.
You shoot an arrow. The arrow closely misses the kobold.
The endoplasm freezes you.
You are frozen.
The kobold hits you with a +0 club.
A quokka comes into view.
You shoot an arrow. The arrow closely misses the kobold.
The endoplasm misses you. The kobold misses you.
You shoot an arrow. The arrow hits the kobold.
You kill the kobold!
The endoplasm completely misses you.
A frilled lizard comes into view.
The goblin hits you but does no damage.
You shoot an arrow. The frilled lizard hisses angrily.
The arrow hits the goblin!
You kill the goblin!
The endoplasm completely misses you.
You shoot an arrow. The arrow barely misses the hobgoblin.
The endoplasm misses you. The hobgoblin hits you. x2
The endoplasm freezes you.
You are frozen.
You die...

...... #.%... ....
## ... . . #.# .#
#). #.#####.#.l.#
###.....g......
######......@Jr?%...
#<....<....###......
#................<..
#...........### ...?
#...........# ...
#............. ..
#.......~.~.... ~
#.......~..~..~
........~~~~~~


You could see an endoplasm, a quokka, a hobgoblin and a frilled lizard.

Vanquished Creatures
  A ribbon worm (D:2)
  2 dart slugs (D:1)
  2 bats (D:1)
  An endoplasm (D:1)
  4 goblins
  6 hobgoblins
  5 jackals (D:1)
  A quokka (D:1)
  5 ball pythons
  2 frilled lizards (D:1)
  5 kobolds
  5 rats
39 creatures vanquished.

Notes
Turn   | Place    | Note
-------+----------+-------------------------------------------
     0 | D:1      | qw the Spriggan Hunter began the quest for the Orb.
     0 | D:1      | Reached XP level 1. HP: 10/10 MP: 2/2
     0 | D:1      | 0 ||| qw: Version: 0.3-a-155-g5e7d8dd
     0 | D:1      | 0 ||| qw: Game counter: 2648
     0 | D:1      | 0 ||| qw: Melee chars always use a shield: true
     0 | D:1      | 0 ||| qw: God list: Okawaru
     0 | D:1      | 0 ||| qw: Allow faded altars: false
     0 | D:1      | 0 ||| qw: Do Orc after clearing Dungeon:15 true
     0 | D:1      | 0 ||| qw: Do second Lair branch before Depths: true
     0 | D:1      | 0 ||| qw: Lair rune preference: random
     0 | D:1      | 0 ||| qw: Goals: Normal
     0 | D:1      | 0 ||| PLANNING D:1-11
     3 | D:1      | 3 ||| DROPPING scroll of butterflies.
    47 | D:1      | Reached skill level 3 in Dodging
    98 | D:1      | Reached XP level 2. HP: 14/14 MP: 3/3
   385 | D:1      | Reached XP level 3. HP: 18/18 MP: 4/4
   649 | D:1      | 649 ||| READING scroll labelled ACWASULAFO.
   750 | D:1      | 750 ||| READING scroll labelled VEXYOT JEUX.
   751 | D:1      | 751 ||| READING scroll labelled JOFURY EPTONAE.
   751 | D:1      | 751 ||| IDENTIFYING sedimented coppery potion
   752 | D:1      | 752 ||| DRINKING 2 inky potions.
   777 | D:1      | 777 ||| DROPPING potion of degeneration.
   778 | D:1      | 778 ||| DROPPING potion of lignification.
   843 | D:2      | HP: 3/18 [hobgoblin (3)]
   843 | D:2      | Frozen to death by an endoplasm

Levels and vault maps discovered:
D:1:      spicycebolla_green_bress_n_ham, layout_basic
D:2:      layout_rooms, chequers_ecumenical_altar_island

Skill      XL: |  1  2 |
---------------+-------+-----
Dodging        | 3 4 |  4.0
Fighting       | |  1.5
Ranged Weapons | |  4.8
Stealth        | |  1.5

Action                     || total
---------------------------++-------
   Fire: Shortbow          ||   120
    Use: Scroll            ||     3
         Potion            ||     1
 Armour: Robe              ||    15
  Dodge: Dodged            ||    44

Table legend:
 A = Non-vault XP
 B = Vault XP
 C = Vault XP percentage of total XP
 D = Non-vault monster count
 E = Vault monster count
 F = Vault count percentage of total count
                 A         B        C        D         E       F
            +---------+---------+-------+---------+---------+-------
      Total |      75 |       0 |   0.0 |      39 |       0 |   0.0
            +---------+---------+-------+---------+---------+-------
        D:1 |      58 |       0 |   0.0 |      31 |       0 |   0.0
        D:2 |      17 |       0 |   0.0 |       8 |       0 |   0.0
            +---------+---------+-------+---------+---------+-------
